 Dungeon Crawl Stone Soup version 0.30-a0-728-gc68057be0a (webtiles) character file.

Game seed: 2694144071547540882

235 bpung the Shield-Bearer (level 6, -10/39 HPs)
             Began as a Gargoyle Fighter on Feb 1, 2023.
             Mangled by an ogre
             ... wielding a +0 giant spiked club
              (34 damage)
             ... on level 4 of the Dungeon.
             The game lasted 00:07:28 (2622 turns).

bpung the Shield-Bearer (Gargoyle Fighter)          Turns: 2622, Time: 00:07:29

Health: -10/39     AC: 11    Str: 22    XL:     6   Next: 5%
Magic:  6/6        EV:  9    Int:  8    God:
Gold:   184        SH:  4    Dex:  9    Spells: 5/5 levels left

rFire   . . .      SeeInvis .    a - +0 flail
rCold   . . .      Faith    .    c - +0 buckler
rNeg    + + .      Spirit   .    e - +0 pearl dragon scales
rPois   ∞          Reflect  .    (no helmet)
rElec   +          Harm     .    (no cloak)
rCorr   .          Rampage  .    (no gloves)
Will    .....                    (no boots) Stlth
                                 (no amulet)
HPRegen 0.26/turn                (no ring)
MPRegen 0.10/turn                (no ring)

@: no status effects
A: sickness immunity, AC +4, negative energy resistance 1, electricity
resistance, torment resistance 1, petrification resistance, talons 1, deformed
body
a: no special abilities


You were on level 4 of the Dungeon.
You visited 1 branch of the dungeon, and saw 4 of its levels.

You collected 184 gold pieces.

Inventory:

Hand Weapons
 a - a +0 flail (weapon)
Armour
 c - a +0 buckler (worn)
 e - +0 pearl dragon scales (worn)
 f - a +0 chain mail
Wands
 h - a wand of flame (27)
Scrolls
 g - 4 scrolls of identify
 j - a scroll of blinking
 n - a scroll of teleportation
Potions
 b - 2 potions of flight
 d - 4 potions of might


   Skills:
 + Level 4.5 Fighting
 + Level 3.4 Maces & Flails
 + Level 4.5 Armour
 + Level 4.5 Shields


You had 5 spell levels left.
You didn't know any spells.
Your spell library contained the following spells:

 Spells                   Type           Power      Damage    Failure   Level
 Kindle Blastsparks       Fire/Tloc/Air  0%         2d10      99%         3
 Ozocubu's Armour         Ice            0%         N/A       99%         3
 Fulminant Prism          Conj/Hex       0%         3d5       100%        4
 Iskenderun's Mystic Bla  Conj/Tloc      0%         2d3       100%        4
 Lee's Rapid Deconstruct  Erth           0%         3d4*      100%        5
 Ozocubu's Refrigeration  Ice            0%         4d7       100%        7


Dungeon Overview and Level Annotations

Branches:
Dungeon (4/15)
 Temple: D:4-7

Altars:
Ru
Sif Muna
Uskayaw


Innate Abilities, Weirdness & Mutations

You are immune to sickness and miasma.
Your stone body is resilient. (AC +4)
You are immune to poison.
You resist negative energy. (rN+)
You are resistant to electric shocks. (rElec)
You are resistant to unholy torment.
You are immune to petrification.
You have sharp toenails.
Armour fits poorly on your strangely shaped body.


Message History

The dart slug barely misses you.
You hit the dart slug. You claw the dart slug.
You kill the dart slug!
You see here a dart slug corpse.
You open the door.
There is an open door here.
An adder comes into view.
The adder bites you but does no damage.
You barely miss the adder. The adder closely misses you.
The adder bites you but does no damage.
You barely miss the adder. The adder barely misses you.
You closely miss the adder. You claw the adder.
The adder is moderately wounded.
The adder bites you but does no damage. x2
You hit the adder. Your kick misses the adder.
The adder is almost dead.
The adder barely misses you. The adder bites you but does no damage.
You hit the adder.
You kill the adder!
You see here an adder corpse.
There is a stone staircase leading down here.
Found a ball python corpse.
Found a ball python corpse.
Found a hide-covered altar of Uskayaw.
Found an adder corpse.
Found a hobgoblin corpse and a kobold corpse.
An ogre comes into view. It is wielding a +0 giant spiked club.
The ogre shouts!
There is a hide-covered altar of Uskayaw here.
You see here a ball python corpse.
You hit the ogre.
The ogre is moderately wounded.
The ogre hits you with a +0 giant spiked club!
You sock the ogre!
The ogre is severely wounded.
The ogre closely misses you.
You barely miss the ogre.
The ogre is severely wounded.
The ogre hits you with a +0 giant spiked club!!
Ouch! That really hurt!
You die...

.........# ...##
....#+#### #... ....#.#
####.#### ....#.#
#.......# .†..#†#
#.......# #
....#.#######.......#.#
......>........._.....#
#...#..######..††...###
#...#..# #†..@...#
....#..# #...O..†#
....#..# ####.####
....#..# #.# ....#..#
..# ....#..###### ###
....#.......#
....#..####.#
............#


You could see an ogre.

Vanquished Creatures
  A jelly (D:4)
  2 hounds (D:4)
  An orc wizard (D:3)
  4 adders
  2 worms
  5 dart slugs
  2 orcs (D:4)
  5 ball pythons
  2 bats
  5 endoplasms
  3 giant cockroaches
  6 goblins (D:1)
  6 hobgoblins
  2 jackals (D:1)
  11 kobolds
  3 quokkas
  2 frilled lizards
  6 rats
68 creatures vanquished.

Vanquished Creatures (others)
  A fungus (D:1)
1 creature vanquished.

Grand Total: 69 creatures vanquished

Notes
Turn   | Place    | Note
-------+----------+-------------------------------------------
     0 | D:1      | bpung the Gargoyle Fighter began the quest for the Orb.
     0 | D:1      | Reached XP level 1. HP: 14/14 MP: 1/1
    89 | D:1      | Reached XP level 2. HP: 18/19 MP: 2/2
   555 | D:1      | Reached XP level 3. HP: 23/23 MP: 3/3
   727 | D:1      | Found a faded altar of an unknown god.
  1478 | D:3      | Reached XP level 4. HP: 26/29 MP: 4/4
  1546 | D:3      | Found a shimmering blue altar of Sif Muna.
  2218 | D:3      | HP: 1/29 [something (1)]
  2226 | D:3      | Reached XP level 5. HP: 14/33 MP: 5/5
  2227 | D:3      | Gained mutation: Armour fits poorly on your strangely
                  | shaped body. [potion of mutation]
  2227 | D:3      | Gained mutation: You have sharp toenails. [potion of
                  | mutation]
  2455 | D:4      | Found a sacrificial altar of Ru.
  2551 | D:4      | Reached XP level 6. HP: 39/39 MP: 6/6
  2610 | D:4      | Found a hide-covered altar of Uskayaw.
  2622 | D:4      | Mangled by an ogre

Illustrated notes

Levels and vault maps discovered:
D:1:      dpeg_arrival_pond, layout_basic, ebering_ecumenical_altar_abandoned,
          dreamdust_mushroom_princess
D:2:      layout_basic
D:3:      layout_loops_ring, lemuel_coloured_pillars_altar, minivault_5
D:4:      layout_basic, nicolae_uskayaw_murder_on_the_dancefloor,
          mainiacjoe_overflow_boulevard

Skill      XL: |  1  2  3  4 |
---------------+-------------+-----
Fighting       | 4 |  4.5
Armour         | 4 |  4.5
Shields        | 4 |  4.5
Maces & Flails | 3 |  3.4

Action                     |  1- 3 |  4- 6 || total
---------------------------+-------+-------++-------
  Melee: Flail             |   104 |   109 ||   213
         Kick              |       |     8 ||     8
    Use: Scroll            |     9 |       ||     9
         Potion            |       |     6 ||     6
 Armour: Scale mail        |    18 |       ||    18
         Chain mail        |    41 |    54 ||    95
         Pearl dragon scal |       |    18 ||    18
  Dodge: Dodged            |    38 |    33 ||    71
  Block: Buckler           |    19 |    19 ||    38

Table legend: (Time is in decaauts)
 A = Elapsed time spent in this place.
 B = Non-inter-level travel time spent in this place.
 C = Inter-level travel time spent in this place.
 D = Time resting spent in this place.
 E = Time spent auto-exploring this place.
 F = Levels seen in this place.
 G = Mean time per level.
                   A        B        C        D        E       F      G
               +--------+--------+--------+--------+--------+-----+--------+
         Total |   2687 |   2624 |     63 |     66 |   1771 |   4 |  671.8 |
       Dungeon |   2687 |   2624 |     63 |     66 |   1771 |   4 |  671.8 |
               +--------+--------+--------+--------+--------+-----+--------+

Top non-repeatable levels by time:
     D:1: 924 daAuts
     D:3: 918 daAuts
     D:2: 510 daAuts
     D:4: 334 daAuts
